Unix NetHack Version 3.7.0-89 Work-in-progress - last build Nov 29 2023 03:14:05 (8663f69846b387d428bf56816b0fc57e108cd183,branch:master). Game began 2023-09-10 13:49:12, ended 2024-01-24 19:36:24. n00b, lawful female dwarven Valkyrie --------------------------------- ------------- ------ ...%....*.|....|....|......|...... )`` ` .........$#.| . . .^| .........@.%....|....|.%....|.[..... ` |.-------.#.# -----.| ...........|.%..-...||........`..... ) $#...``.$| #.# (`..<`^| ----|---------|..%.|....---|--```-|---------- ###.|.##-.|.###.#.`.-.| |.....^|3*"3%.|^[..|.|..`...................| ` ` $`*|.#...#.......|.`.| |......|)[).%.-/...-----`....---------.``---| ` ` |.|.#.--###.--`--##.| |......|3=[(..|..............|....|...``....| * #.#.#.#.[...|` `)..| ......|3(%/3.|...---|---.^..|....|....|....| #.#.#.#`#.#.` ##.-| ---|----------...|.^...|...%---.-`.``----%-- ` #)#*``....<`# ` .`.| ....... ....|.._..|..........`.......... ` ---.#.#.---##.#######_| ...[... ...|.....|......%.%..........%.. /` %#`.....$#``...`..^| ---%-`--------...-------....--|----|-```-.--.--- ` |.#`#.--`--###`--.|.|.| ...%....|....|..............|....| .. `....|`... #...#%......#...|.|.|.| ........`....-[.............|mMH[|... |..".|.|.# ` ###.#.####`.#.-.#.`.|`| ...=[.`......|-------|-```--|*%])| |....| #.# `...#..`#...#.`.#.|...| ........|....|.......%... |")))| |....| #.###`#.#.-----.|.###.|.#.---.| .......|....|......%.... |))()| |....| #........`......|..*..|.... ..| --------- ------------ ------ ----- ------------------------------- N00b the Warrior St:25 Dx:15 Co:19 In:15 Wi:12 Ch:10 Lawful S:543938 Dlvl:40 $:0 HP:174(174) Pw:26(26) AC:-25 Xp:16/360530 T:23138 Burdened Latest messages: You have a little trouble lifting e - an uncursed wand of digging. You have a little trouble lifting n - an uncursed wand of locking. You have a little trouble lifting p - an uncursed wand of opening. You have a little trouble lifting E - an uncursed wand of probing. You have a little trouble lifting d - an uncursed wand of speed monster. You have a little trouble lifting X - an uncursed candelabrum (0 of 7 candles You have a little trouble lifting G - an uncursed yellow gem. You have a little trouble lifting Q - an uncursed dilithium crystal. Your movements are slowed slightly because of your load. What do you want to use or apply? [b-fhknps-uwzACEIK-NPRV-XZ or ?*] b You put a blessed scroll of create monster into the bag of holding. You put 2 uncursed scrolls of enchant weapon into the bag of holding. You put an uncursed scroll of teleportation into the bag of holding. You put an uncursed potion called confusion into the bag of holding. You put an uncursed potion of oil into the bag of holding. You put an uncursed potion of speed into the bag of holding. You put an uncursed potion of water into the bag of holding. Really save? [yn] (n) y Saving... Restoring save file... Velkommen n00b, the dwarven Valkyrie, welcome back to NetHack! It is hot here. You smell smoke... Your movements are slowed slightly because of your load. r - the blessed rustproof +6 Excalibur (weapon in hand). What do you want to use or apply? [b-fhknps-uwzACEIK-NPRWXZ or ?*] b You see here an orcish shield. You see here an ape corpse. There are several objects here. You fall down the stairs. You hit the troll! The troll hits! The troll misses! The troll misses! You kill the troll! Your oil lamp flickers. Pick an object. You climb up the stairs. Pick an object. Limiting targets to those in sight. q - an uncursed amulet of life saving (being worn). Really quit? [yn] (n) y Do you want your possessions identified? [ynq] (y) q Inventory: Amulets J - an uncursed amulet of ESP g - a blessed amulet of life saving q - an uncursed amulet of life saving (being worn) O - an uncursed amulet of life saving Weapons r - the blessed rustproof +6 Excalibur (weapon in hand) Armor v - a blessed tempered +5 helm of brilliance (being worn) m - a blessed rustproof +2 pair of gauntlets of power (being worn) F - an uncursed fireproof +0 pair of water walking boots (being worn) D - a blessed +1 shield of reflection (being worn) B - a blessed fireproof +2 cloak of magic resistance (being worn) l - a blessed +3 T-shirt with text "Meat is Mordor" (being worn) y - a blessed greased +2 blue dragon scale mail (being worn) Comestibles x - an uncursed lizard corpse Rings j - an uncursed ring of free action (on left hand) Y - an uncursed ring of teleport control (on right hand) Wands R - a wand of cancellation (0:6) Z - a wand of cancellation (0:2) w - a wand of cold (0:4) c - a wand of create monster (0:13) W - a wand of create monster (0:13) K - a wand of death (0:8) u - a wand of digging (0:5) f - a wand of digging (0:4) e - a wand of digging (0:3) N - a wand of digging (0:3) n - a wand of locking (0:4) p - a wand of opening (0:4) E - a wand of probing (0:4) I - a wand of sleep (0:6) d - a wand of speed monster (0:6) A - a wand of striking (0:3) C - a wand of teleportation (0:4) Tools b - a blessed bag of holding containing 106 items z - an uncursed bugle M - the Bell of Opening (0:3) X - the uncursed Candelabrum of Invocation (0 of 7 candles attached) t - an uncursed oil lamp (lit) L - the blessed Orb of Fate (0:1) k - an uncursed skeleton key s - an uncursed stethoscope P - an uncursed towel h - a blessed +0 unicorn horn Gems/Stones G - an uncursed citrine stone Q - an uncursed dilithium crystal o - an uncursed luckstone Contents of the bag of holding: 3186 gold pieces an uncursed amulet of reflection a poisoned +0 dart the rustproof +0 Mjollnir an uncursed +0 pair of gauntlets of dexterity a cursed -1 pair of fumble boots an uncursed +0 pair of speed boots a blessed +0 mummy wrapping an uncursed +0 mummy wrapping an uncursed slime mold an uncursed food ration 2 uncursed pancakes 3 uncursed eggs 3 blessed scrolls of blank paper 6 uncursed scrolls of blank paper a cursed scroll of blank paper a blessed scroll of charging an uncursed scroll of charging named c a cursed scroll of confuse monster 2 blessed scrolls of create monster an uncursed scroll of create monster a cursed scroll of destroy armor 2 uncursed scrolls of enchant weapon 2 uncursed scrolls of genocide 2 uncursed scrolls of identify 3 uncursed scrolls of remove curse an uncursed scroll of stinking cloud 6 uncursed scrolls of teleportation 3 cursed scrolls of teleportation 2 uncursed potions of booze 4 uncursed potions of confusion an uncursed potion of see invisible an uncursed potion of sickness a blessed potion of extra healing a blessed potion of full healing an uncursed potion of gain ability an uncursed potion of gain energy 2 uncursed potions of gain level a cursed potion of gain level an uncursed potion of invisibility an uncursed potion of levitation a blessed potion of oil an uncursed potion of oil 2 uncursed potions of restore ability an uncursed potion of speed a potion of holy water 3 uncursed potions of water 4 potions of unholy water an uncursed ring of fire resistance an uncursed +2 ring of gain strength an uncursed +1 ring of increase accuracy an uncursed ring of invisibility an uncursed ring of see invisible an uncursed ring of slow digestion an uncursed ring of teleport control an uncursed ring of warning a wand of cold (0:6) a wand of cold (0:3) a wand of cold (0:3) a wand of create monster (0:12) a wand of create monster (0:8) a wand of create monster (0:13) a wand of digging (0:7) a wand of digging (0:4) a wand of digging (0:5) a wand of lightning (0:5) a blessed wand of magic missile (0:4) a wand of magic missile (0:7) a wand of magic missile (0:2) a wand of make invisible (0:6) a wand of nothing (0:14) a wand of polymorph (0:7) a wand of probing (0:4) a wand of secret door detection (0:12) a wand of secret door detection (0:14) a blessed wand of sleep (0:3) a wand of sleep (0:7) a wand of sleep (0:1) a wand of speed monster (0:3) a wand of striking (0:7) a wand of striking (0:6) a wand of striking (0:7) a wand of teleportation (0:4) a wand of teleportation (0:8) a wand of undead turning (0:1) a wand of wishing (0:1) a horn of plenty (0:10) an uncursed wooden flute 6 uncursed partly used wax candles an uncursed brass lantern an uncursed oil lamp a +0 pick-axe 2 uncursed amethyst stones an uncursed aquamarine stone 4 uncursed diamonds 9 uncursed emeralds 4 uncursed rubies 7 uncursed topaz stones an uncursed agate stone 4 uncursed amber stones an uncursed citrine stone 3 uncursed dilithium crystals 7 uncursed fluorite stones an uncursed garnet stone 8 uncursed jasper stones 3 uncursed turquoise stones N00b the Valkyrie's attributes: Background: You were a Warrior, a level 16 dwarven Valkyrie. You were lawful, on a mission for Tyr who was opposed by Odin (neutral) and Loki (chaotic). You were in Gehennom, on level 40. You entered the dungeon 23138 turns ago. You had 360530 experience points, 279470 more were needed to attain level 17. Your score was 543938 before end-of-game adjustments. Basics: You had all 174 hit points. You had all 26 energy points (spell power). Your armor class was -25. Your wallet was empty, but you had 3186 zorkmids stashed away in your pack. Autopickup was off. Final Characteristics: Your strength was 25 (base:18/19, innate limit:18/100). Your dexterity was 15 (limit:20). Your constitution was 19 (limit:20). Your intelligence was 15 (base:10, limit:16). Your wisdom was 12 (base:7, peak:12, limit:16). Your charisma was 10 (limit:16). Final Status: You weren't hungry. You were burdened; movement was slightly slowed. You were wielding a long sword. You had expert skill with long sword. Final Attributes: You were piously aligned. You were magic-protected. You were fire resistant. You were cold resistant. You were sleep resistant. You were disintegration resistant. You were shock resistant. Your items were protected from electric shocks. You were poison resistant. You were level-drain resistant. You saw invisible. You were telepathic. You were warned. You had automatic searching. You had infravision. You were stealthy. You had teleport control. You could walk on water. You had a small defense bonus (+5). You were warded. You took half physical damage. You took half spell damage. You were very fast. You had reflection. You had free action. Your life would have been saved. You were very lucky. You had extra luck. Good luck did not time out for you. You survived. Miscellaneous: You encountered 1 bones level. Total elapsed playing time was 8 hours, 31 minutes and 35 seconds. Major events: Turn 1: n00b the lawful dwarven Valkyrie entered the dungeon 463: found Grimtooth in a shop 1074: attained the rank of Skirmisher (level 3) 1470: entered the Gnomish Mines 2120: was bestowed with Mjollnir by Tyr 3522: destroyed nabru's ghost, the former Conjurer 4618: reached Mine Town 4745: attained the rank of Fighter (level 6) 5857: entered Sokoban 6224: completed 1st Sokoban level 7455: completed 2nd Sokoban level 7896: completed 3rd Sokoban level 8788: completed 4th Sokoban level 9472: signified by divine providence, was chosen to carry Excalibur 10136: acquired the Sokoban amulet of reflection 10138: made her first wish - "blessed greased +2 blue dragon scale mail", got "a greased blue dragon scale mail" 11304: acquired the Mines' End luckstone 11378: attained the rank of Woman-at-arms (level 10) 15954: killed Croesus 18276: entered Gehennom 18552: attained the rank of Warrior (level 14) 18840: wished for "blessed fixed +2 gauntlets of power", got "a pair of riding gloves" 19196: found the Orb of Fate on the floor 19229: killed Lord Surtur 19231: acquired the Bell of Opening 20801: killed Medusa 21160: killed Juiblex 22602: destroyed Vlad the Impaler 22603: acquired the Candelabrum of Invocation 23017: killed Orcus 23138: quit Vanquished creatures: Orcus Juiblex Vlad the Impaler a mastodon Medusa Croesus an iron golem a storm giant a glass golem a purple worm 2 gray dragons 2 gold dragons a silver dragon a white dragon an orange dragon 2 black dragons a green dragon 3 yellow dragons 10 minotaurs Lord Surtur 3 demiliches a master mind flayer 2 Olog-hai 2 Nazgul a pit fiend a sandestin a hell hound a displacer beast 2 titanotheres 2 trappers 2 baby yellow dragons a genetic engineer 8 vampire leaders 5 skeletons a captain 6 shades 2 liches 3 nurses an ice devil 2 lurkers above 5 ettins a golden naga 4 black puddings 17 vampires 5 lieutenants 18 ghosts 2 queen bees a winged gargoyle 5 giant mimics 2 long worms a zruty 26 fire giants 2 ogre tyrants 5 ice trolls an umber hulk 2 flesh golems an elven monarch a doppelganger 5 hezrous 4 large mimics a fire vortex 4 stalkers an air elemental 2 fire elementals 3 earth elementals a water elemental 4 hill giants a giant mummy a black naga 2 xorns 12 giant zombies 13 sergeants 2 barbed devils 2 salamanders 6 wargs a winter wolf 2 small mimics a warhorse 3 xans 3 ettin mummies 5 ogre leaders 2 quantum mechanics 13 trolls a wood golem an erinys 2 mariliths 3 sharks 2 gelatinous cubes a pyrolisk 2 freezing spheres 3 flaming spheres a large cat 3 tigers 2 gargoyles 3 tengu 2 ochre jellies 2 leocrottas 2 mountain centaurs a human mummy 2 pythons 3 pit vipers 4 cobras 28 wraiths a carnivorous ape 12 ettin zombies a leather golem 2 Grey-elves 81 soldiers a chameleon 8 giant beetles 2 quivering blobs 8 cockatrices 6 wolves 3 winter wolf cubs a lynx 4 panthers a gremlin 4 leprechauns 6 orc-captains an iron piercer 2 mumakil 11 giant spiders 5 horses an ice vortex a black light 5 vampire bats 2 forest centaurs 3 gnome rulers an orc mummy 2 dwarf mummies 2 ogres 2 brown puddings 3 rust monsters 2 owlbears a yeti 3 gold golems 3 werewolves 9 giant eels 4 lizards 2 chickatrices a dingo a housecat a jaguar a blue jelly a gray unicorn 2 black unicorns 4 dust vortices 3 ravens 4 plains centaurs a gnome mummy 6 snakes 11 apes 17 human zombies 3 rope golems 12 Woodland-elves 8 soldier ants 66 fire ants 18 bugbears 6 lemures 5 quasits a wood nymph a water nymph 2 mountain nymphs 3 Mordor orcs 13 Uruk-hai 4 orc shamans 3 rock piercers 6 rock moles 2 ponies 4 fog clouds 9 yellow lights 2 shriekers 4 gnome leaders 3 gnomish wizards 3 kobold mummies 2 red naga hatchlings 3 black naga hatchlings 5 gray oozes a barrow wight 14 elf zombies 5 ghouls 2 paper golems 2 jellyfish 4 giant ants a little dog 5 floating eyes a kitten 2 dwarves 3 homunculi 2 kobold leaders a kobold shaman 7 hill orcs 7 rothes 3 centipedes 3 giant bats 19 orc zombies 10 dwarf zombies 2 wererats a werejackal 4 iguanas 77 killer bees 2 acid blobs a coyote a gas spore 5 hobbits a manes 2 large kobolds 10 hobgoblins 3 giant rats 7 cave spiders a brown mold a yellow mold a green mold a red mold 15 gnomes 3 garter snakes 13 gnome zombies 7 geckos 14 jackals 3 foxes 3 kobolds 7 goblins 10 sewer rats 7 grid bugs 11 bats 11 lichens 12 kobold zombies 10 newts 1127 creatures vanquished. Extinct species: erinyes (extinct) soldiers (extinct) 2 species extinct. Voluntary challenges: You read items or engraved 53 times. You never engraved Elbereth. You never genocided any monsters. You never polymorphed an object. You never changed form. You used 2 wishes. You did not wish for any artifacts. You did not violate any of the special Sokoban rules. Achievements: You entered a shop. You attained the rank of Skirmisher. You entered the Gnomish Mines. You entered Minetown. You attained the rank of Fighter. You entered a temple. You entered Sokoban. You completed Sokoban. You completed the Gnomish Mines. You attained the rank of Woman-at-arms. You learned the tune to open and close the Castle's drawbridge. You entered Gehennom. You attained the rank of Warrior. You had the Bell of Opening. You defeated Medusa. You had the Candelabrum of Invocation. The Dungeons of Doom: levels 1 to 29 Level 1: Some fountains. Level 2: A weapon shop, a grave. Level 3: A fountain, a tree. Stairs down to The Gnomish Mines. Level 4: Some altars. Level 5: An altar. Level 6: An altar to Tyr, a grave. Level 7: Oracle of Delphi. Level 8: Stairs up to Sokoban, level 7. Level 9: "stash holy unholy water N" Some fountains. Level 10: Some fountains. Level 11: A fountain, a sink. Level 12: A fountain, a grave. Level 13: A general store. Portal to The Quest. Level 14: Level 15: "mojostash <" Some fountains. Level 16: A fountain. Portal to Fort Ludios. Level 17: Level 18: A primitive area. Level 19: Level 20: "$" An armor shop, a grave. Level 21: "$, lv tp" An armor shop. Level 22: A temple and an altar to Tyr. Level 23: "barracks" Level 24: A fountain. Level 25: Level 26: Some fountains, many trees. Level 27: Level 28: Level 29: A fountain. The castle (play notes "EDBFB" to open or close drawbridge). Connection to Gehennom. Gehennom: levels 30 to 41 Level 30: "BoH" A temple and an altar, many graves. Valley of the Dead. Level 31: "Asmo" Level 32: Level 33: Level 34: Level 35: Level 36: Some fountains. Level 37: Level 38: Level 39: Level 40: <- You were here. Some shops, an altar, some graves. Stairs up to Vlad's Tower, level 39. Level 41: The Gnomish Mines: levels 4 to 12 Level 4: Level 5: A grave. Final resting place for nabru-Wiz-Elf-Fem-Cha, killed by a bolt of cold zapped by herself. Level 6: Many shops, a temple and an altar to Tyr, some fountains. Level 7: Level 8: Level 9: Level 10: Level 11: "?'s R Us" Level 12: The Quest: levels 1 to 5 Level 1: A fountain. Completed quest for the Norn. Level 2: Level 3: Level 4: Level 5: Sokoban: levels 7 up to 4 Level 4: Solved. Level 5: Solved. Level 6: Solved. Level 7: Solved. Fort Ludios: Level 1: Fort Ludios. Vlad's Tower: levels 39 up to 37 Level 37: Level 38: Level 39: Farvel n00b the Valkyrie... You quit in Gehennom on dungeon level 40 with 543938 points, and 3186 pieces of gold, after 23138 moves. You were level 16 with a maximum of 174 hit points when you quit.